Map: Abiogenesis LE

Players

Vax - Winner!

  • Race: Protoss Protoss
  • League: Silver
  • Spawn Location: 11:00

Krymore

  • Race: Protoss Protoss
  • Spawn Location: 5:00

VOD

Have the link to the VOD?

Description

Time

  • Played on: Feb. 24, 2018, 7:59 p.m.
  • Length: 8:51
Show
View Real Time Build Order
Export as new Build Order

Vax Protoss - Winner!

Build Orders: 1 Gate Expand 

Get SALT Encoding   

  12  0:01  Probe (Chrono Boost)  
  13  0:13  Probe (Chrono Boost)  
  14  0:24  Probe  
  14  0:26  Pylon  
  15  0:44  Probe  
  16  0:54  Gateway  
  16  0:56  Probe  
  17  1:08  Probe  
  18  1:16  Nexus  
  18  1:20  Probe  
  18  1:25  Assimilator  
  19  1:49  Assimilator  
  19  1:55  Assimilator  
  19  1:59  Probe (Chrono Boost)  
  21  2:09  Probe (Chrono Boost)  
  21  2:10  Cybernetics Core  
  21  2:15  Probe (Chrono Boost)  
  21  2:16  Gateway  
  22  2:26  Probe (Chrono Boost)  
  21  2:41  Probe  
  22  2:45  Probe  
  22  2:48  Warp Gate (Chrono Boost)  
  23  2:53  Probe  
  23  2:57  Probe  
  25  3:09  Probe  
  26  3:15  Robotics Facility  
  26  3:24  Stalker  
  26  3:25  Stalker  
  30  3:30  Pylon, Probe (Chrono Boost)  
  30  3:32  Probe (Chrono Boost)  
  32  3:38  Assimilator  
  32  3:41  Probe (Chrono Boost)  
  34  3:43  Probe (Chrono Boost)  
  34  3:52  Probe (Chrono Boost)  
  36  4:03  Probe (Chrono Boost), Assimilator  
  36  4:08  Probe (Chrono Boost)  
  37  4:12  Robotics Facility  
  37  4:15  Probe (Chrono Boost)  
  38  4:19  Probe (Chrono Boost)  
  38  4:22  Immortal  
  44  4:27  Probe (Chrono Boost)  
  44  4:47  Gateway  
  44  4:49  Gateway  
  44  4:51  Gateway  
  44  4:55  Pylon  
  44  4:59  Pylon  
  44  5:02  Observer  
  44  5:04  Pylon  
  45  5:11  Probe (Chrono Boost)  
  48  5:21  Probe (Chrono Boost)  
  48  5:26  Probe (Chrono Boost)  
  49  5:29  Probe (Chrono Boost)  
  49  5:34  Probe (Chrono Boost)  
  50  5:43  Forge  
  50  5:45  Probe  
  51  5:51  Stalker  
  51  5:52  Stalker x3  
  51  5:55  Pylon, Immortal  
  63  5:58  Immortal  
  67  6:04  Pylon  
  67  6:13  Pylon  
  67  6:18  Protoss Ground Weapons Level 1  
  67  6:22  Photon Cannon  
  67  6:31  Photon Cannon  
  67  6:34  Photon Cannon  
  67  6:41  Photon Cannon  
  67  6:49  Photon Cannon  
  67  6:54  Photon Cannon  
  67  7:12  Nexus  
  67  7:15  Pylon  
  67  7:17  Pylon  
  67  7:26  Probe  
  67  7:28  Probe  
  61  7:38  Probe  
  61  7:40  Probe  
  61  7:44  Stalker x4  
  61  7:50  Probe  
  66  7:52  Probe  
  67  8:02  Probe  
  67  8:03  Warp Prism  
  67  8:04  Probe  
  71  8:06  Immortal  
  75  8:15  Probe (Chrono Boost)  
  75  8:16  Stalker x4  
  75  8:18  Probe (Chrono Boost)  
  85  8:24  Probe (Chrono Boost)  
  86  8:34  Probe (Chrono Boost)  
  87  8:39  Probe (Chrono Boost)  
Show
View Real Time Build Order
Export as new Build Order

Krymore Protoss 

Build Orders: Dark Templar Rush 

Get SALT Encoding   

  12  0:00  Probe  
  13  0:13  Probe  
  14  0:18  Pylon  
  14  0:25  Probe  
  15  0:41  Probe  
  16  0:49  Pylon, Gateway  
  16  0:53  Probe  
  17  0:59  Assimilator  
  17  1:22  Probe  
  18  1:34  Probe  
  19  1:41  Cybernetics Core  
  19  1:46  Probe  
  20  1:58  Probe  
  20  2:00  Zealot  
  23  2:04  Pylon  
  23  2:10  Probe  
  24  2:28  Twilight Council  
  24  2:41  Probe  
  24  2:48  Gateway x2  
  24  2:52  Pylon  
  24  3:06  Dark Shrine  
  24  3:11  Zealot  
  26  3:20  Warp Gate (Chrono Boost)  
  26  3:24  Forge  
  26  3:32  Assimilator  
  26  4:07  Pylon  
  26  4:09  Pylon  
  26  4:12  Nexus  
  30  4:29  Probe  
  31  4:35  Photon Cannon  
  31  4:36  Photon Cannon  
  31  4:38  Photon Cannon  
  27  4:59  Dark Templar x3  
  31  5:32  Probe  
  32  5:40  Zealot x2  
  32  5:41  Zealot  
  38  5:44  Probe  
  39  5:56  Probe (Chrono Boost)  
  40  5:59  Robotics Facility  
  40  6:02  Charge  
  40  6:08  Probe (Chrono Boost), Zealot  
  40  6:09  Zealot  
  45  6:16  Probe (Chrono Boost)  
  46  6:25  Pylon  
  46  6:29  Gateway  
  46  6:34  Probe, Zealot x2  
  46  6:36  Zealot, Gateway  
  53  6:46  Observer  
  54  7:04  Nexus  
  54  7:07  Pylon, Zealot  
  56  7:09  Zealot  
  54  7:29  Stalker x3  
Tags
 
League
Silver
Matchup
PvP
Spawn Locations
Cross Positions
Add a new tag
Caveats
  • Supply blocks, unpowered buildings, or Contaminate may cause inaccurate times.
  • Supply counts are checked every 10 seconds.